 Dungeon Crawl Stone Soup version 0.20.0-8-g6b59dc7 (webtiles) character file.

184 Hasart the Digger (level 5, -7/38 HPs)
             Began as a Demigod Earth Elementalist on June 2, 2017.
             Mangled by a gnoll
             ... wielding a +0 club
              (9 damage)
             ... on level 2 of the Dungeon.
             The game lasted 00:08:08 (3234 turns).

Hasart the Digger (Demigod Earth Elementalist)      Turns: 3234, Time: 00:08:09

Health: -7/38      AC:  2    Str: 11    XL:     5   Next: 14%
Magic:  3/12       EV: 13    Int: 21    God:
Gold:   147        SH:  0    Dex: 16    Spells: 5/9 levels left

rFire    . . .     SeeInvis .   n - +1 dagger (venom)
rCold    + . .     Gourm    .   (no shield)
rNeg     . . .     Faith    .   c - +0 robe
rPois    .         Spirit   .   (no helmet)
rElec    .         Reflect  .   (no cloak)
rCorr    .         Harm     .   (no gloves)
MR       .....                  (no boots)
Stlth    ++........             (no amulet)
Regen    0.2/turn               o - ring of protection from cold
MPRegen  0.2/turn               (no ring)

@: no status effects
A: high mp 1
a: no special abilities


You were on level 2 of the Dungeon.
You were hungry.

You visited 1 branch of the dungeon, and saw 3 of its levels.

You collected 147 gold pieces.

Inventory:

Hand Weapons
 n - a +1 dagger of venom (weapon)
Missiles
 b - 7 stones (quivered)
Armour
 c - a +0 robe (worn)
Jewellery
 o - a ring of protection from cold (left hand)
Wands
 k - a wand of paralysis (7/24)
Scrolls
 i - a scroll of noise {unknown}
 j - a scroll of recharging {unknown}
 l - 2 scrolls of identify {unknown}
Potions
 a - a potion of curing {unknown}
 f - a potion of mutation {unknown}
 g - a potion of ambrosia {unknown}
Books
 e - a book of Geomancy

   Spells                             Type                      Level
   a - Sandblast                      Earth                        1
   b - Passwall                       Transmutation/Earth          2
   c - Stone Arrow                    Conjuration/Earth            3
   d - Petrify                        Transmutation/Earth          4
   e - Lee's Rapid Deconstruction     Earth                        5
Comestibles
 d - 2 bread rations
 h - 2 meat rations
 m - a royal jelly


   Skills:
 + Level 2.8 Dodging
 - Level 1.7 Stealth
 + Level 2.8 Spellcasting
 + Level 0.0 Conjurations
   Level 0.8 Transmutations
 * Level 4.4 Earth Magic


You had 5 spell levels left.
You knew the following spells:

 Your Spells              Type           Power        Failure   Level  Hunger
a - Sandblast             Erth           ###...       2%          1    None
b - Stone Arrow           Conj/Erth      ##....       16%         3    ###....


Dungeon Overview and Level Annotations

Branches:
Dungeon (3/15)


Innate Abilities, Weirdness & Mutations

You have an increased reservoir of magic. (+10% MP)


Message History

Press: ? - help, Shift-Dir - straight line, f - gnoll
Aim: a gnoll, wielding a club The stone arrow misses the gnoll.
The gnoll hits you with a club!
* * * LOW HITPOINT WARNING * * *
Casting: Stone Arrow
Confirm with . or Enter, or press ? or * to list all spells.
Aiming: Stone Arrow
Press: ? - help, Shift-Dir - straight line, f/p - gnoll
Aim: a gnoll, wielding a club The stone arrow misses the gnoll.
Casting: Stone Arrow
Confirm with . or Enter, or press ? or * to list all spells.
Aiming: Stone Arrow
Press: ? - help, Shift-Dir - straight line, f/p - gnoll
Aim: a gnoll, wielding a club The stone arrow hits the gnoll.
The gnoll is severely wounded.
You are feeling hungry.
The gnoll hits you with a club!
You die...

#.#..........######..#####
#†#.#####..#.# #..# #.#.#
#..#.# #..###### #.#.#
###..#.# #........ #.#.#
#....#.# #.#######
#######.#.###....#.# #.#
............)....#.# #.#
######..#.######g#.# #.#
#.##.# #@#.# #.#
#.##.######.#.# #.#
#.............# #.#
#####.#####÷### #.# #.#
##†## #.#
######.####...### #.#
#...............#####.# ##
#.####.####...#.#..(..# #.
#.# #.# ##.##.#.##### #.


You could see a gnoll.

Vanquished Creatures
  Terence (D:2)
  4 gnolls
  4 adders
  3 worms (D:2)
  2 dart slugs (D:1)
  2 orcs (D:2)
  4 giant cockroaches
  9 goblins
  11 hobgoblins
  2 quokkas (D:2)
  16 bats
  4 frilled lizards
  6 kobolds
  7 rats
75 creatures vanquished.

Notes
Turn   | Place    | Note
-------+----------+-------------------------------------------
     0 | D:1      | Hasart the Demigod Earth Elementalist began the quest for the Orb.
     0 | D:1      | Reached XP level 1. HP: 14/14 MP: 5/5
   254 | D:1      | Reached skill level 3 in Earth Magic
   456 | D:1      | Reached XP level 2. HP: 6/20 MP: 2/7
   844 | D:1      | Reached XP level 3. HP: 26/26 MP: 1/8
  1401 | D:1      | Learned a level 3 spell: Stone Arrow
  2005 | D:2      | Reached XP level 4. HP: 31/33 MP: 10/10
  2039 | D:2      | Reached skill level 4 in Earth Magic
  2169 | D:2      | Noticed Terence
  2176 | D:2      | Killed Terence
  3143 | D:3      | Reached XP level 5. HP: 38/38 MP: 8/12
  3234 | D:2      | Mangled by a gnoll

Skill      XL: |  1  2  3  4 |
---------------+-------------+-----
Dodging        | 2 |  2.8
Earth Magic    | 3 4 |  4.4
Spellcasting   | 2 |  2.8
Stealth        | |  1.7
Transmutations | |  0.8

Action                   |  1- 3 |  4- 6 || total
-------------------------+-------+-------++-------
Melee: Dagger            |    30 |   111 ||   141
       Spear             |    34 |       ||    34
 Cast: Sandblast         |    35 |     2 ||    37
       Stone Arrow       |       |     8 ||     8
 Stab: Sleeping          |       |     4 ||     4
  Eat: Chunk             |     3 |     5 ||     8
Armor: Robe              |    15 |    18 ||    33
Dodge: Dodged            |    44 |    67 ||   111
